When luck helps the whole game

Match 21279650
End
Panzergrenadier Squad
Selects Battlefield Espionage Battlegroup
Panzergrenadier Squad
Construct Light Support Kompanie
Panzergrenadier Squad
Fire Support Elements
2.5-tonne Medical Truck
Vehicle Survival Package
Flakvierling Half-track
Tungsten Core Ammunition
Selects Intel Disruption Beacon
Selects Plunder
le.IG 18 Mechanized Group
Flakvierling Half-track
Selects 250/3 Funkpanzerwagen
2.5-tonne Medical Truck
Selects Advanced Ambush Training
Panzergrenadier Squad
Construct Panzerarmee Kommand
Armored Reserves
le.IG 18 Mechanized Group
Selects Disruption Operation
Emergency Repair Kits
2.5-tonne Medical Truck
Tiger Heavy Tank
Disruption Operation
Flakvierling Half-track
Selects Operation Skorpion
Rapid Advance
Disruption Operation
Tiger Heavy Tank
Goliath
Dromaeda
Buh-buh-buh-buhhhhh
BraunBlackwater
[RbF] Stickly
STALKER4732
0
0

Comments sign in to comment!

No comments posted yet!